 Dungeon Crawl Stone Soup version 0.31-a0-188-g5e087ee2ca (webtiles) character file.

Game seed: 1276691699212898966

40 zazu2006 the Nimble (level 3, -2/25 HPs)
             Began as a Gnoll Wanderer on June 23, 2023.
             Slain by an orc
             ... wielding a +0 mace
              (4 damage)
             ... on level 2 of the Dungeon.
             The game lasted 00:03:01 (861 turns).

zazu2006 the Nimble (Gnoll Wanderer)                 Turns: 861, Time: 00:03:02

Health: -2/25      AC:  4    Str: 11    XL:     3   Next: 50%
Magic:  5/7        EV: 15    Int: 11    God:
Gold:   35         SH:  0    Dex: 13    Spells: 6/7 levels left

rFire   . . .        a - +2 dagger
rCold   . . .        (no shield)
rNeg    . . .        e - +0 robe
rPois   .            c - +0 helmet
rElec   .            (no cloak)
rCorr   .            i - +0 pair of gloves
SInv    .            (no boots)
Will    .....        (no amulet)
Stlth   +            (no ring)
HPRegen 0.24/turn    (no ring)
MPRegen 0.10/turn

%: no passive effects
@: very slow
A: fangs 1, strong nose, distributed training
a: no special abilities


You were on level 2 of the Dungeon.
You visited 1 branch of the dungeon, and saw 2 of its levels.

You collected 35 gold pieces.

Inventory:

Hand Weapons
 a - a +2 dagger (weapon)
Missiles
 b - 4 curare-tipped darts (quivered)
Armour
 c - a +0 helmet (worn)
 e - a +0 robe (worn)
 i - a +0 pair of gloves (worn)
Scrolls
 d - a scroll of blinking
 f - 2 scrolls of noise {unknown}
 g - a scroll of immolation {unknown}
Potions
 h - a potion of curing {unknown}
 j - a potion of enlightenment {unknown}


   Skills:
 + Level 0.9 Fighting
 + Level 0.9 Short Blades
 + Level 0.9 Long Blades
 + Level 0.9 Axes
 + Level 0.9 Maces & Flails
 + Level 0.9 Polearms
 + Level 0.9 Staves
 + Level 0.9 Ranged Weapons
 + Level 4.5 Throwing
 + Level 0.9 Armour
 + Level 8.5 Dodging
 + Level 0.9 Stealth
 + Level 0.9 Shields
 + Level 0.9 Unarmed Combat
 + Level 2.8 Spellcasting
 + Level 0.6 Conjurations
 + Level 0.6 Hexes
 + Level 3.8 Summonings
 + Level 0.6 Necromancy
 + Level 0.6 Translocations
 + Level 0.6 Transmutations
 + Level 0.6 Fire Magic
 + Level 0.6 Ice Magic
 + Level 0.6 Air Magic
 + Level 0.6 Earth Magic
 + Level 0.6 Poison Magic
 + Level 2.7 Invocations
 + Level 0.9 Evocations


You had 6 spell levels left.
You knew the following spells:

 Your Spells              Type           Power      Damage    Failure   Level
a - Summon Small Mammal   Summ           36%        N/A       5%          1

Your spell library contained the following spells:

 Spells                   Type           Power      Damage    Failure   Level
 Call Canine Familiar     Summ           9%         N/A       17%         3


Dungeon Overview and Level Annotations

Branches:
Dungeon (2/15)

Altars:


Innate Abilities, Weirdness & Mutations

You have very sharp teeth.
Your uncanny sense of smell can sniff out nearby items.
Your experience applies equally to all skills.


Message History

Your bat hits the orc. You hit the orc. You bite the orc, but do no damage.
The orc is moderately wounded.
Your bat hits the orc but does no damage.
The orc closely misses you.
The orc hits your rat with a +0 war axe.
Your rat dies!
Your rat's corpse disappears in a puff of smoke!
The orc closely misses your bat.
Unknown command.
Casting: Summon Small Mammal (safe; 5% risk of failure)
Confirm with . or Enter, or press ? or * to list all spells.
Your bat hits the orc but does no damage.
The orc hits you with a +0 war axe! The orc closely misses your bat.
The orc hits your rat with a +0 war axe!
Your rat dies!
Your rat's corpse disappears in a puff of smoke!
Your bat closely misses the orc.
Casting: Summon Small Mammal (safe; 5% risk of failure)
Confirm with . or Enter, or press ? or * to list all spells.
Your bat barely misses the orc.
Your bat hits the orc but does no damage.
The orc hits your bat with a +0 war axe.
Your bat dies!
Your bat's corpse disappears in a puff of smoke!
The orc closely misses you.
Unknown command.
The orc priest calls upon Beogh to heal the orc.
The orc's wounds heal themselves!
The orc priest barely misses your rat.
Your rat bites the orc.
The orc attacks as you move away! The orc hits you with a +0 war axe!
Found a scroll labelled KIXTAUSMATH.
The orc attacks as you move away! The orc misses you.
You enter the shallow water.
Moving in this stuff is going to be slow.
The orc attacks as you move away! The orc barely misses you.
The orc hits you with a +0 war axe!
* * * LOW HITPOINT WARNING * * *
The orc attacks as you move away! The orc hits you with a +0 mace.
You die...

♣P~P♣♣..### ♣♣~P♣##...# ♣P~♣♣
♣##.# ♣ ♣P~♣♣♣♣♣♣.#
#P♣P♣♣~~~♣PPP♣.#
...~~~~~.~~~~...#
#.♣~♣♣♣~~~P♣♣PP.#### #.# #.♣♣♣
♣♣~♣♣♣♣♣♣....# #.#.#...♣♣♣♣@P♣
####.# .#.#.....♣Poo♣ #.#
#.#.....♣♣.♣♣♣######.## ?
#.......♣♣r~♣.##......# ###
...#......r.o.##.##.####.###..
........o...##....# #...#..
....#.o....##....#.# ####....
#.#.###.####.......#.# #.......
#.......####..#....#.#.........


You could see 3 orcs and a friendly rat (summoned).

Vanquished Creatures
  3 bats (D:1)
  An endoplasm (D:1)
  2 giant cockroaches (D:1)
  A goblin (D:1)
  A hobgoblin (D:1)
  8 jackals (D:1)
  2 kobolds (D:1)
  5 ball pythons (D:1)
  A frilled lizard (D:1)
  2 rats (D:1)
26 creatures vanquished.

Vanquished Creatures (collateral kills)
  A dart slug (D:1)
  A bat (D:1)
  2 endoplasms (D:1)
  A ball python (D:1)
  A frilled lizard (D:1)
  A rat (D:1)
7 creatures vanquished.

Grand Total: 33 creatures vanquished

Notes
Turn   | Place    | Note
-------+----------+-------------------------------------------
     0 | D:1      | zazu2006 the Gnoll Wanderer began the quest for the Orb.
     0 | D:1      | zazu2006 set off with the following items: a +2 dagger, 4
                  | curare-tipped darts, a +0 helmet, a scroll of blinking, a
                  | +0 robe; and the following spell memorised: Summon Small
                  | Mammal; and the following spells available to memorise:
                  | Call Canine Familiar.
     0 | D:1      | Reached XP level 1. HP: 13/13 MP: 4/4
    51 | D:1      | Reached XP level 2. HP: 16/19 MP: 3/5
   195 | D:1      | Reached XP level 3. HP: 16/25 MP: 5/7
   861 | D:2      | Slain by an orc

Illustrated notes

Levels and vault maps discovered:
D:1:      erik_arrival_blinker_ship, layout_rooms, dk_noncrumbling_4,
          st_stairs_7, minivault_27
D:2:      cheibrodos_pilgrimage, layout_rooms, serial_shops,
          nicolae_shop_temple_entry_statues_fountains, serial_co_window_serial,
          co_window_paths_a, co_window_paths_a, co_window_paths_a,
          co_window_corner_a, co_window_corner_a, co_window_corner_a,
          co_window_of_opportunity_a, co_window_unsneaky_path_d,
          co_window_cross_3, co_window_of_opportunity_c, co_window_broadway_b,
          glass_columns_a, serial_bayou_crossing, uniq_terence, uniq_sigmund

Action                     || total
---------------------------++-------
  Melee: Dagger            ||    94
         Bite              ||     8
         Punch             ||     2
   Cast: Summon Small Mamm ||    22
   Stab: Distracted        ||     1
 Armour: Robe              ||    24
  Dodge: Dodged            ||   114

Table legend: (Time is in decaauts)
 A = Elapsed time spent in this place.
 B = Non-inter-level travel time spent in this place.
 C = Inter-level travel time spent in this place.
 D = Time resting spent in this place.
 E = Time spent auto-exploring this place.
 F = Levels seen in this place.
 G = Mean time per level.
                   A        B        C        D        E       F      G
               +--------+--------+--------+--------+--------+-----+--------+
         Total |    864 |    847 |     17 |      0 |    604 |   2 |  432.0 |
       Dungeon |    864 |    847 |     17 |      0 |    604 |   2 |  432.0 |
               +--------+--------+--------+--------+--------+-----+--------+

Top non-repeatable levels by time:
     D:1: 745 daAuts
     D:2: 119 daAuts
